 Dungeon Crawl Stone Soup version 0.30-a0-596-g0af90f9a20 (webtiles) character file.

Game seed: 14281553785713588494

118 Newt the Shooter (level 5, 0/32 HPs)
             Began as a Kobold Hunter on Jan 6, 2023.
             Succumbed to a water moccasin's poison
             ... on level 3 of the Dungeon.
             The game lasted 00:02:32 (2018 turns).

Newt the Shooter (Kobold Hunter)                    Turns: 2018, Time: 00:02:32

Health: 0/32       AC:  5    Str:  7    XL:     5   Next: 23%
Magic:  5/5        EV: 15    Int:  7    God:
Gold:   84         SH:  0    Dex: 27    Spells: 4/4 levels left

rFire   . . .      SeeInvis .    a - +0 shortbow
rCold   . . .      Faith    .    (shield currently unavailable)
rNeg    . . .      Spirit   .    c - +0 leather armour
rPois   .          Reflect  .    (no helmet)
rElec   .          Harm     .    (no cloak)
rCorr   .          Rampage  .    g - +0 pair of gloves
Will    .....                    p - +0 pair of boots
Stlth   +++++                    (no amulet)
HPRegen 0.25/turn                (no ring)
MPRegen 0.09/turn                (no ring)

@: mighty, lethally poisoned (0 -> -17), about to teleport
A: small, no large weapons, nightstalker 3, thin skeletal structure 1, agile 1,
dopey 1, MP-powered wands
a: no special abilities


You were on level 3 of the Dungeon.
You visited 1 branch of the dungeon, and saw 3 of its levels.

You collected 84 gold pieces.

Inventory:

Hand Weapons
 a - a +0 shortbow (weapon)
Armour
 c - a +0 leather armour (worn)
 g - a +0 pair of gloves (worn)
 p - a +0 pair of boots (worn)
Scrolls
 b - a scroll of immolation
 e - a scroll of butterflies
Potions
 d - a potion of degeneration {unknown}
 f - a potion of might
 i - a potion of mutation
 k - a potion of heal wounds {unknown}
 l - a potion of attraction {unknown}
 m - a potion of flight {unknown}
 n - 2 potions of haste {unknown}


   Skills:
 + Level 3.4 Fighting
 - Level 7.0 Ranged Weapons
 - Level 2.4 Dodging
 - Level 3.0 Stealth


You had 4 spell levels left.
You didn't know any spells.
Your spell library was empty.

Dungeon Overview and Level Annotations

Branches:
Dungeon (3/15)

Altars:
Okawaru


Innate Abilities, Weirdness & Mutations

You are small and have problems with some larger weapons.
You are completely attuned to the shadows.
You have a somewhat thin skeletal structure. (Dex +2, Stealth+)
You are agile. (Dex +4, Str/Int -1)
You are dopey. (Int -2)
You expend magic power (3 MP) to strengthen your wands.


Message History

The arrow hits the adder!
You kill the adder!
You hear an angry hiss.
The water moccasin closely misses you.
You feel very mighty all of a sudden. The water moccasin misses you.
The water moccasin barely misses you.
An endoplasm comes into view.
You shoot an arrow. The arrow hits the water moccasin.
The water moccasin is lightly wounded.
The water moccasin bites you!
You shoot an arrow. The arrow misses the water moccasin.
The arrow hits the endoplasm but does no damage.
The water moccasin bites you!
* * * LOW HITPOINT WARNING * * *
The water moccasin misses you.
Okay, then.
You shoot an arrow.
The arrow barely misses the water moccasin.
The arrow hits the endoplasm but does no damage.
The water moccasin closely misses you. The water moccasin barely misses you.
You shoot an arrow.
The arrow closely misses the water moccasin.
The arrow barely misses the endoplasm.
The arrow closely misses the goblin.
The water moccasin barely misses you. The water moccasin bites you!
* * * LOW HITPOINT WARNING * * *
You are lethally poisoned!
The water moccasin poisons you!
You feel better. The water moccasin barely misses you.
Okay, then.
As you read the scroll of teleportation, it crumbles to dust.
You feel strangely unstable. The water moccasin bites you.
* * * LOW HITPOINT WARNING * * *
The water moccasin bites you.
* * * LOW HITPOINT WARNING * * *
You are lethally poisoned!
The water moccasin poisons you!
It was a potion of mutation.
You feel extremely strange.
You feel agile.
You feel stupid.
Your bones become slightly less dense.
You feel your magical essence link to the dungeon's wands.
You die...

...~ ~Jā‰ˆā‰ˆ
##r.## #g.... #S#
#J# ## #####S####
.# #....@...# .#
#.###.##.# .# #.#
#.# # .#
#####.###.#
.#####
#.........#
.....# #.###^...#
.###.# #.# #.....
.###.###.###.....
.................


You could see a water moccasin, an endoplasm, a goblin and a ball python.

Vanquished Creatures
  A jelly (D:3)
  2 adders
  2 orcs (D:3)
  6 endoplasms
  A giant cockroach (D:1)
  10 goblins
  8 hobgoblins
  4 jackals (D:1)
  2 quokkas (D:3)
  5 ball pythons
  9 bats
  A frilled lizard (D:1)
  6 kobolds
  6 rats
63 creatures vanquished.

Notes
Turn   | Place    | Note
-------+----------+-------------------------------------------
     0 | D:1      | Newt the Kobold Hunter began the quest for the Orb.
     0 | D:1      | Reached XP level 1. HP: 12/12 MP: 1/1
    45 | D:1      | Reached XP level 2. HP: 17/17 MP: 2/2
   269 | D:1      | Reached XP level 3. HP: 21/21 MP: 3/3
   425 | D:1      | Reached skill level 6 in Ranged Weapons
   721 | D:2      | Noticed a golden eye
   724 | D:2      | Noticed a great orb of eyes
   740 | D:2      | Noticed a floating eye
   750 | D:2      | Found a faded altar of an unknown god.
   750 | D:2      | Noticed a great orb of eyes
  1063 | D:2      | Reached XP level 4. HP: 26/26 MP: 4/4
  1332 | D:2      | Found an iron altar of Okawaru.
  1747 | D:3      | Reached skill level 7 in Ranged Weapons
  1784 | D:3      | Reached XP level 5. HP: 32/32 MP: 5/5
  2002 | D:3      | Noticed a water moccasin
  2018 | D:3      | Gained mutation: You are agile. (Dex +4, Str/Int -1)
                  | [potion of mutation]
  2018 | D:3      | Gained mutation: You are dopey. (Int -2) [potion of
                  | mutation]
  2018 | D:3      | Gained mutation: You have a somewhat thin skeletal
                  | structure. (Dex +2, Stealth+) [potion of mutation]
  2018 | D:3      | Gained mutation: You expend magic power (3 MP) to
                  | strengthen your wands. [potion of mutation]
  2018 | D:3      | Succumbed to a water moccasin's poison

Illustrated notes

Levels and vault maps discovered:
D:1:      lightli_molten_gateway, layout_rooms
D:2:      layout_loops_ring, hellmonk_ecumenical_altar_watching_god, basic_altar
D:3:      layout_loops_corners, xom_confusion_cloud, marbit_many_paths,
          minmay_quadrilaterals

Skill      XL: |  1  2  3  4 |
---------------+-------------+-----
Stealth        | 2 3 |  3.0
Ranged Weapons | 6 7 |  7.0
Fighting       | 3 |  3.4
Dodging        | |  2.4

Action                   |  1- 3 |  4- 6 || total
-------------------------+-------+-------++-------
 Fire: Shortbow          |    87 |    55 ||   142
  Use: Scroll            |     3 |     2 ||     5
       Potion            |       |     5 ||     5
Armor: Leather armour    |    16 |     2 ||    18
Dodge: Dodged            |    45 |    23 ||    68

Table legend: (Time is in decaauts)
 A = Elapsed time spent in this place.
 B = Non-inter-level travel time spent in this place.
 C = Inter-level travel time spent in this place.
 D = Time resting spent in this place.
 E = Time spent auto-exploring this place.
 F = Levels seen in this place.
 G = Mean time per level.
                   A        B        C        D        E       F      G
               +--------+--------+--------+--------+--------+-----+--------+
         Total |   2053 |   1961 |     92 |    152 |   1504 |   3 |  684.3 |
       Dungeon |   2053 |   1961 |     92 |    152 |   1504 |   3 |  684.3 |
               +--------+--------+--------+--------+--------+-----+--------+

Top non-repeatable levels by time:
     D:2: 852 daAuts
     D:1: 726 daAuts
     D:3: 474 daAuts
